 Dungeon Crawl Stone Soup version 0.31.0-9-g3a7656b989 (webtiles) character file.

Game seed: 11086478400980315196

2070 Peloso the Carver (level 9, -10/73 (75) HPs)
             Began as a Minotaur Fighter on Jan 31, 2024.
             Was a Priest of Okawaru.
             Blown up by Maurice (18 damage)
             ... with a mindburst bolt
             ... on level 6 of the Dungeon.
             The game lasted 00:13:35 (7157 turns).

Peloso the Carver (Minotaur Fighter)                Turns: 7157, Time: 00:13:35

HP:   -10/73 (75)   AC: 14    Str: 21    XL:     9   Next: 5%
MP:   8/8           EV:  9    Int:  5    God:    Okawaru [***...]
Gold: 0             SH:  5    Dex: 14    Spells: 8/8 levels left

rFire   . . .        a - +0 long sword (protect)
rCold   . . .        d - +0 buckler
rNeg    . . .        g - +0 chain mail
rPois   .            (helmet restricted)
rElec   .            s - +0 cloak
rCorr   .            (no gloves)
SInv    .            c - +1 pair of boots
Will    .....        (no amulet) Stlth
                     (no ring)
HPRegen 0.32/turn    (no ring)
MPRegen 0.11/turn

%: no passive effects
@: brilliant, on berserk cooldown, slowed, lightly drained, very slow
A: horns 2, retaliatory headbutt
a: Renounce Religion, Heroism


You were on level 6 of the Dungeon.
You worshipped Okawaru.
Okawaru was most pleased with you.
You visited 1 branch of the dungeon, and saw 7 of its levels.
You also visited: Ossuary.

Inventory:

Hand Weapons
 a - a +0 long sword of protection (weapon)
Armour
 b - a +0 scale mail
 c - a +1 pair of boots (worn)
 d - a +0 buckler (worn)
 g - a +0 chain mail (worn)
 s - a +0 cloak (worn)
Wands
 x - a wand of roots (2)
Scrolls
 h - 2 scrolls of fog {unknown}
 i - 3 scrolls of teleportation {unknown}
 k - a scroll of revelation {unknown}
 l - a scroll of enchant weapon {unknown}
 m - 2 scrolls of enchant armour
 o - a scroll of torment {unknown}
 p - a scroll of identify
 v - a scroll of blinking
 w - 3 scrolls of vulnerability
Potions
 e - a potion of enlightenment
 f - a potion of might
 j - 2 potions of cancellation
 q - a potion of mutation {unknown}
 r - a potion of brilliance
 t - a potion of heal wounds
 u - a potion of invisibility {unknown}


   Skills:
 + Level 5.9 Fighting
 + Level 9.8 Long Blades
 + Level 7.8 Armour
 + Level 3.4 Dodging
 + Level 0.6 Stealth
 + Level 6.0 Shields


You had 8 spell levels left.
You didn't know any spells.
Your spell library contained the following spells:

 Spells                   Type           Power      Damage    Failure   Level
 Apportation              Tloc           0%         N/A       98%         1
 Necrotise                Necr           0%         1d4       98%         1
 Sting                    Conj/Alch      0%         1d3       98%         1
 Cigotuvi's Dreadful Rot  Necr/Alch/Air  0%         N/A       99%         2
 Gell's Gravitas          Tloc           0%         N/A       100%        3
 Teleport Other           Tloc           0%         N/A       100%        3
 Dispel Undead            Necr           0%         3d6       100%        4
 Dispersal                Tloc           0%         N/A       100%        6
 Eringya's Noxious Bog    Alch           0%         4d6       100%        6
 Summon Small Mammal      Summ           Unusable   N/A       N/A         1
 Martyr's Knell           Necr/Summ      Unusable   N/A       N/A         4
 Summon Forest            Summ/Tloc      Unusable   N/A       N/A         5
 Death Channel            Necr           Unusable   N/A       N/A         6
 Summon Hydra             Summ           Unusable   N/A       N/A         7

Dungeon Overview and Level Annotations

Branches:
Dungeon (7/15)             Temple (0/1) D:5         Ossuary (visited)

Altars:
Cheibriados
Dithmenos
Okawaru
Qazlal
Sif Muna
Trog
Uskayaw

Shops:
D:1 (   D:2 =

Annotations:
D:6 Maurice
D:7 Maggie


Innate Abilities, Weirdness & Mutations

You have a pair of horns on your head.
You reflexively headbutt those who attack you in melee.


Message History

A stone appears from out of thin air!
The stone hits you.
* * * LOW HITPOINT WARNING * * *
You miss something. Your headbutt misses something.
You hear some strange, mumbled words.
You hear a sling whirr.
A sling bullet appears from out of thin air!
The sling bullet hits you but does no damage.
You hear a sling whirr.
A sling bullet appears from out of thin air!
The sling bullet hits you but does no damage.
You hear a sling whirr.
A sling bullet appears from out of thin air!
You block the sling bullet.
Maurice appears from thin air!
Reactivating autopickup.
Maurice unwields a +0 sling.
Maurice wields a +0 trident.
Maurice completely misses you. Maurice bites you but does no damage.
Maurice gestures wildly while chanting.
Maurice blinks!
Maurice throws a stone.
The stone hits you.
* * * LOW HITPOINT WARNING * * *
Aiming: Fastroot
Press: ? - help, Shift-Dir - straight line, f - Maurice
Aim: Maurice, wielding a +0 trident, wearing a +0 cloak, quivering stones and carrying a wand of mindburst (heavily wounded)
The roots erupt in riotous growth!
Roots grab Maurice.
The grasping roots constrict Maurice.
Maurice unwields a +0 trident.
Maurice wields a +0 sling.
Maurice shoots a sling bullet.
The sling bullet misses you.
Aiming: Fastroot
Press: ? - help, Shift-Dir - straight line, f/p - Maurice
Aim: Maurice, wielding a +0 sling, wearing a +0 cloak, quivering stones and carrying a wand of mindburst (severely wounded, constricted by roots)
The roots erupt in riotous growth!
Maurice is unaffected.
The grasping roots constrict Maurice!
The roots release their grip on Maurice.
Maurice tries to hide in the shadows.
Maurice zaps a wand.
Your mind is blasted!
* * * LOW HITPOINT WARNING * * *
Maurice zaps a wand.
Your mind is blasted!
You die...

#####...###.....#..#..###........
# ##.##....##.##.####...###>... #
#..#..#..#..#..#...######### #
##.##....##.##...####......# #
#..#..###.....###.##.##.... #
##.####...######..##.##.#.#
########..#...#####.##..........#
#......##...####.##.##.###.##.#.#
#.#####.#.### #@......# #.##....
#.##....#.#.#######f#### #......#
#.##.#..#.).).......# ########
#.##.#..#>#)#..####.#
#.......#......####.#
###....##.#.........###
##.#.##.#.##.#>.....#
#.#....).##.#.##.#.#
#.####.........#.#.#


You could see Maurice.

Vanquished Creatures
  2 water moccasins (D:6)
  An orc warrior (D:6)
  2 ogres
  A centaur (D:3)
  A kobold brigand (D:6)
  A scorpion (Ossuary)
  A bullfrog (D:6)
  A water moccasin zombie (Ossuary)
  7 wights
  2 hounds
  3 centaur zombies (Ossuary)
  2 jellies (D:5)
  2 orc priests
  A scorpion zombie (Ossuary)
  4 iguanas
  A sleepcap (D:5)
  4 orc wizards (D:6)
  An ogre zombie (Ossuary)
  Robin (D:3)
  5 gnolls
  9 adders
  A ribbon worm zombie (D:5)
  2 ufetubi (D:6)
  2 adder zombies (Ossuary)
  7 dart slugs
  5 ribbon worms
  25 orcs
  6 ball pythons
  7 endoplasms
  3 giant cockroaches
  4 gnoll zombies (Ossuary)
  15 goblins
  5 hobgoblins
  7 jackals
  13 kobolds
  5 quokkas
  5 bats
  2 frilled lizards
  2 goblin zombies (Ossuary)
  3 hobgoblin zombies (Ossuary)
  2 orc zombies (Ossuary)
  13 rats
  A rat zombie (D:5)
187 creatures vanquished.

Notes
Turn   | Place    | Note
-------+----------+-------------------------------------------
     0 | D:1      | Peloso the Minotaur Fighter began the quest for the Orb.
     0 | D:1      | Reached XP level 1. HP: 19/19 MP: 0/0
   116 | D:1      | Found Ruzyaggonue's Antique Weapon Shop.
   143 | D:1      | Reached XP level 2. HP: 23/27 MP: 1/1
   371 | D:1      | Reached XP level 3. HP: 32/33 MP: 2/2
   880 | D:2      | Reached skill level 3 in Long Blades
  1125 | D:2      | Found Ymoofross's Jewellery Boutique.
  1215 | D:2      | Reached XP level 4. HP: 39/40 MP: 3/3
  1752 | D:3      | Found a shimmering blue altar of Sif Muna.
  1813 | D:3      | Found a shadowy altar of Dithmenos.
  1822 | D:3      | Found a snail-covered altar of Cheibriados.
  1859 | D:3      | Noticed Robin
  1890 | D:3      | Killed Robin
  2047 | D:3      | Reached skill level 4 in Long Blades
  2064 | D:3      | Reached XP level 5. HP: 39/46 MP: 4/4
  2342 | D:3      | Found a hide-covered altar of Uskayaw.
  2441 | D:3      | Found an iron altar of Okawaru.
  2523 | D:3      | Noticed a centaur
  2534 | D:3      | Killed a centaur
  2535 | D:3      | Reached skill level 1 in Dodging
  2713 | D:3      | Became a worshipper of Warmaster Okawaru
  2812 | D:4      | Noticed an ogre
  2815 | D:4      | Reached skill level 5 in Long Blades
  2822 | D:4      | Killed an ogre
  2823 | D:4      | Reached skill level 5 in Armour
  2823 | D:4      | Reached XP level 6. HP: 41/53 MP: 5/5
  3802 | D:4      | Found a bloodstained altar of Trog.
  3866 | D:4      | Found a stormy altar of Qazlal.
  4007 | D:5      | Entered Level 5 of the Dungeon
  4142 | D:5      | Reached skill level 6 in Long Blades
  4199 | D:5      | Found a staircase to the Ecumenical Temple.
  4222 | D:5      | Reached * piety under Okawaru
  4243 | D:5      | Reached XP level 7. HP: 30/60 MP: 6/6
  4267 | D:5      | Found a sand-covered staircase.
  4290 | Ossuary  | Entered an ossuary
  4466 | Ossuary  | Reached skill level 5 in Shields
  4481 | Ossuary  | Reached skill level 5 in Fighting
  4486 | Ossuary  | Reached skill level 7 in Long Blades
  4591 | Ossuary  | Noticed a silent spectre
  5390 | D:5      | Reached XP level 8. HP: 68/68 MP: 7/7
  5451 | D:5      | Reached ** piety under Okawaru
  5492 | D:6      | Reached skill level 8 in Long Blades
  6069 | D:6      | Reached skill level 9 in Long Blades
  6127 | D:6      | Reached *** piety under Okawaru
  6831 | D:6      | Reached XP level 9. HP: 59/72 MP: 8/8
  7100 | D:7      | Noticed Maggie
  7100 | D:7      | Noticed Maurice
  7105 | D:6      | Maurice stole 368 gold
  7157 | D:6      | Blown up by Maurice

Illustrated notes

Levels and vault maps discovered:
D:1:      nzn_arrival_crosshair, layout_loops_ring, serial_shops, shop
D:2:      layout_basic, serial_shops, nicolae_shop_tiny_real_fake_doors,
          lexackson_kobold_supper
D:3:      layout_loops_ring, led_sif_pool, mainiacjoe_overflow_tiny_flanked,
          grunt_dithmenos_smoke, mainiacjoe_overflow_big_doors, uniq_robin
D:4:      layout_basic, trog_book, lemuel_coloured_pillars_altar
D:5:      layout_basic, minmay_temple_entry_mini_moons, enter_ossuary_3,
          eino_curves_03, nicolae_fountain_basement
D:6:      minmay_skewed_foursquare, layout_loops_cross
D:7:      layout_cave_pools, kennysheep_mini, moated_statue, uniq_maggie,
          uniq_maurice, uniq_menkaure

Skill      XL: |  1  2  3  4  5  6  7  8 |
---------------+-------------------------+-----
Fighting       | 4 5 |  5.9
Armour         | 4 5 6 7 |  7.8
Shields        | 4 5 6 |  6.0
Long Blades    | 3 4 5 6 7 9 |  9.8
Dodging        | 1 2 3 |  3.4
Stealth        | |  0.6

Action                     |  1- 3 |  4- 6 |  7- 9 || total
---------------------------+-------+-------+-------++-------
  Melee: Long sword        |    91 |   154 |   289 ||   534
         Headbutt          |    15 |    32 |    62 ||   109
 Invoke: Heroism           |       |       |     1 ||     1
  Evoke: Wand              |       |       |     7 ||     7
    Use: Scroll            |     2 |     4 |     4 ||    10
         Potion            |       |       |     5 ||     5
 Armour: Scale mail        |    35 |       |       ||    35
         Chain mail        |    34 |   145 |   277 ||   456
  Dodge: Dodged            |    60 |    70 |   120 ||   250
  Block: Buckler           |    26 |    38 |    54 ||   118
